 Seeded DCSS version 0.30.1-4-g462c640d31 (webtiles) character file.

Game seed: 6351066067085065685 (custom seed)

13494 Esekla the Eclecticist (level 11, -4/62 HPs)
             Began as a Deep Elf Necromancer on Aug 20, 2023.
             Was an Elder of Vehumet.
             Slain by a centaur warrior simulacrum (17 damage)
             ... on level 11 of the Dungeon.
             The game lasted 01:57:26 (12780 turns).

Esekla the Eclecticist (Deep Elf Necromancer)      Turns: 12780, Time: 01:57:26

Health: -4/62      AC:  6    Str:  5    XL:     11   Next: 76%
Magic:  41/41      EV: 16    Int: 25    God:    Vehumet [****..]
Gold:   105        SH:  0    Dex: 15    Spells: 16/40 levels left

rFire   . . .        a - +5 scimitar
rCold   . . .        (no shield)
rNeg    . . .        p - +0 robe
rPois   .            o - +1 helmet
rElec   .            J - +0 cloak
rCorr   .            k - +0 pair of gloves
SInv    .            (no boots)
Will    +....        A - amulet of magic regeneration
Stlth   +++          i - ring of magical power
HPRegen 0.30/turn    P - ring of the Mage {Wiz Archmagi}
MPRegen 0.67/turn

%: wizardry (x1), archmagi
@: studying Fighting
A: no striking features
a: Renounce Religion


You were on level 11 of the Dungeon.
You worshipped Vehumet.
Vehumet was greatly pleased with you.
You visited 2 branches of the dungeon, and saw 12 of its levels.
You also visited: Bailey.

You collected 819 gold pieces.
You spent 714 gold pieces at shops.

Inventory:

Hand Weapons
 a - a +5 scimitar (weapon)
 r - a +4 trident of venom
 s - the +5 rapier of the Hero {heavy, rN+ Dex+3}
   (You found it on level 3 of the Dungeon)

   Dex:       It affects your dexterity (+3).
   rN:        It protects you from negative energy.
Missiles
 t - 43 poisoned darts (quivered)
 G - 6 curare-tipped darts
 N - 2 boomerangs
Armour
 g - a +0 troll leather armour
 k - a +0 pair of gloves (worn)
 o - a +1 helmet (worn)
 p - a +0 robe (worn)
 J - a +0 cloak (worn)
 Q - a +0 buckler
Magical Staves
 f - a staff of fire
Jewellery
 i - a ring of magical power (left hand)
 x - an amulet of reflection
 A - an amulet of magic regeneration (around neck)
 P - the ring of the Mage (right hand) {Wiz Archmagi}
   (You bought it in a shop on level 2 of the Dungeon)

   [ring of wizardry]

   It improves your spell success rate.
   Archmagi:  It increases the power of your magical spells.
Wands
 q - a wand of roots (14)
 D - a wand of flame (9)
 H - a wand of mindburst (9)
 L - a wand of charming (6)
Scrolls
 c - 3 scrolls of noise {unknown}
 e - 2 scrolls of fear
 m - a scroll of enchant armour
 n - 2 scrolls of amnesia
 w - 2 scrolls of fog
 y - 4 scrolls of enchant weapon {unknown}
 z - 2 scrolls of silence
 C - a scroll of magic mapping
 E - 2 scrolls of teleportation
 F - 5 scrolls of blinking {unknown}
 I - 2 scrolls of poison {unknown}
 M - 2 scrolls of acquirement
Potions
 b - a potion of magic
 d - 3 potions of ambrosia {unknown}
 h - 2 potions of mutation
 j - 8 potions of curing
 l - 6 potions of attraction {unknown}
 u - 2 potions of brilliance
 v - a potion of heal wounds
 B - 2 potions of lignification
 K - 4 potions of haste
 O - a potion of cancellation {unknown}


   Skills:
 * Level 4.3 Fighting
 + Level 4.0(4.5) Short Blades
 + Level 2.8(3.7) Long Blades
 + Level 2.3 Throwing
 * Level 1.6 Armour
 * Level 8.2 Dodging
 + Level 4.7 Stealth
 * Level 0.1 Shields
 * Level 15.0 Spellcasting
 * Level 4.0 Conjurations
 + Level 9.6 Necromancy
 + Level 5.4 Translocations
 + Level 5.0 Fire Magic
 * Level 2.1 Ice Magic
 * Level 2.1 Earth Magic
 + Level 1.1 Evocations


You had 16 spell levels left.
You knew the following spells:

 Your Spells              Type           Power      Damage    Failure   Level
a - Necrotise             Necr           100%       1d9       1%          1
b - Foxfire               Conj/Fire      100%       2x1d9     1%          1
d - Vampiric Draining     Necr           79%        2d11      1%          3
e - Stone Arrow           Conj/Erth      100%       3d13      1%          3
g - Ozocubu's Refrigerat  Ice            21%        4d12      65%         7
o - Scorch                Fire           100%       2d9       1%          2
t - Teleport Other        Tloc           62%        N/A       1%          3
y - Sticky Flame          Conj/Fire      58%        2d7       1%          4

Your spell library contained the following spells:

 Spells                   Type           Power      Damage    Failure   Level
 Lesser Beckoning         Tloc           100%       N/A       1%          2
 Gell's Gravitas          Tloc           62%        N/A       1%          3
 Animate Dead             Necr           79%        N/A       1%          4
 Agony                    Necr           79%        N/A       1%          5
 Spider Form              Tmut/Pois      28%        N/A       3%          3
 Cause Fear               Hex            14%        N/A       12%         4
 Summon Mana Viper        Hex/Summ       28%        N/A       32%         5


Dungeon Overview and Level Annotations

Branches:
Dungeon (11/15)            Temple (0/1) D:6             Orc (1/2) D:10
 Bailey (visited)
   Lair: D:8-11

Altars:
Dithmenos
Fedhas
Hepliaklqana
Nemelex Xobeh
Okawaru
Qazlal
Ru
Trog
Uskayaw
Vehumet
Zin
The Shining One

Shops:
D:2 =   D:4 (

Annotations:
D:11 Lodul


Message History

Vehumet accepts your kill.
You feel your power returning.
You feel life coursing into your body.
You feel very sick.
The orc wizard burns!
The orc wizard hits you with a +0 dagger.
Casting: Vampiric Draining (safe; 1% risk of failure)
Confirm with . or Enter, or press ? or * to list all spells.
Aiming: Vampiric Draining (safe; 1% risk of failure)
Press: ? - help, Shift-Dir - straight line, f - orc wizard
Aim: an orc wizard, wielding a +0 dagger and wearing a +0 robe (almost dead, slightly transparent, covered in liquid flames)
You feel a surge of power!
You draw life force from the orc wizard!
You kill the orc wizard!
Vehumet accepts your kill.
Reactivating autopickup.
You feel very sick.
You feel sick.
Things that are here:
a +2 spear of venom; a gnoll corpse; a troll corpse You feel very sick.
Things that are here:
a +0 dagger; a +0 robe You feel sick.
There is a stone staircase leading down here.
You start resting.
You feel sick. x6
You are no longer poisoned.
You start resting.
Magic restored.
You start resting.
HP restored.
You climb downwards.
Level annotation: Lodul The centaur warrior simulacrum hits you!
The centaur warrior simulacrum freezes you!!
The centaur warrior simulacrum kicks you.
The centaur warrior simulacrum freezes you!
* * * LOW HITPOINT WARNING * * *
The centaur warrior simulacrum hits you.
* * * LOW HITPOINT WARNING * * *
The centaur warrior simulacrum freezes you!
You die...

..Z.
....########
...##
.O..........
#.o#
##............
#.###..o..#
...... #.g.Y.#
.##+## #.....#
# #.....# #
#.....# #
#@....# #
#.Z...#
#.....#
#######


You could see a yak (wandering), an ogre (wandering), an orc priest, a gnoll, a
centaur warrior simulacrum and an orc (wandering).

Vanquished Creatures
  Harold (D:9)
  2 two-headed ogres
  Pikel (D:5)
  3 orc knights
  2 cyclopes (D:9)
  Joseph (D:7)
  A gargoyle (D:10)
  A kobold demonologist (D:9)
  4 trolls (D:10)
  8 yaks (D:10)
  2 steam dragons
  2 wyverns
  Menkaure (D:7)
  2 ice beasts
  A sky beast (D:6)
  12 orc warriors
  2 black bears
  3 ogres
  2 centaurs
  A wolf (D:10)
  A phantom (D:7)
  Blork the orc (D:6)
  4 kobold brigands
  4 gnoll sergeants
  2 bullfrogs
  2 scorpions (D:5)
  10 wights
  15 killer bees
  2 howler monkeys (D:10)
  2 quasits (D:8)
  2 gnoll boudas
  6 hounds
  A jelly (D:6)
  Crazy Yiuf (D:7)
  6 orc priests
  A sleepcap (D:5)
  5 iguanas
  8 orc wizards
  28 gnolls
  9 adders
  3 shadow imps (D:8)
  6 white imps
  4 ufetubi
  A worm (D:4)
  3 dart slugs
  54 orcs
  6 ball pythons
  4 endoplasms
  9 goblins
  7 hobgoblins
  A quokka (D:1)
  4 bats
  4 frilled lizards
  21 kobolds
  A rat (D:2)
290 creatures vanquished.

Notes
Turn   | Place    | Note
-------+----------+-------------------------------------------
     0 | D:1      | Esekla the Deep Elf Necromancer began the quest for the
                  | Orb.
     0 | D:1      | Reached XP level 1. HP: 10/10 MP: 6/6
   498 | D:4      | Found a glowing silver altar of Zin.
   509 | D:4      | Found an iron altar of Okawaru.
   520 | D:4      | Found a radiant altar of Vehumet.
   573 | D:4      | Reached skill level 5 in Necromancy
   730 | D:3      | Reached XP level 2. HP: 15/15 MP: 8/8
  1043 | D:3      | Identified the +5 rapier of the Hero {heavy, rN+ Dex+3}
  1111 | D:2      | Found Renulab's Jewellery Shop.
  1312 | D:2      | Reached XP level 3. HP: 6/19 MP: 10/10
  1316 | D:2      | Learned a level 3 spell: Vampiric Draining
  1418 | D:2      | Noticed a black bear
  1515 | D:2      | Reached XP level 4. HP: 24/24 MP: 7/11
  1533 | D:2      | Found a faded altar of an unknown god.
  1617 | D:2      | Reached skill level 1 in Short Blades
  1703 | D:1      | Reached skill level 4 in Spellcasting
  2077 | D:2      | Killed a black bear
  2078 | D:2      | Reached XP level 5. HP: 23/28 MP: 6/13
  2231 | D:3      | Found a stormy altar of Qazlal.
  2233 | D:3      | Found a bloodstained altar of Trog.
  2256 | D:3      | Found a hazy altar of Hepliaklqana.
  2499 | D:4      | Became a worshipper of Vehumet
  2512 | D:4      | Found a glowing golden altar of the Shining One.
  2528 | D:4      | Reached XP level 6. HP: 32/32 MP: 15/15
  2793 | D:4      | Found Ponaysk's Antique Weapon Boutique.
  3185 | D:4      | Reached skill level 5 in Spellcasting
  3511 | D:5      | Entered Level 5 of the Dungeon
  3626 | D:5      | Got the Parchment of the Lumpy Olives
  3723 | D:5      | Found a shadowy altar of Dithmenos.
  3769 | D:5      | Reached skill level 6 in Spellcasting
  3769 | D:5      | Reached XP level 7. HP: 35/36 MP: 16/18
  4089 | D:5      | Reached * piety under Vehumet
  4089 | D:5      | Offered knowledge of Foxfire by Vehumet.
  4095 | D:5      | Learned a level 3 spell: Teleport Other
  4097 | D:5      | Learned a level 1 spell: Foxfire
  4308 | D:5      | Reached skill level 7 in Spellcasting
  4394 | D:6      | Reached skill level 1 in Translocations
  4397 | D:6      | Noticed Blork the orc
  4535 | D:6      | Killed Blork the orc
  4634 | D:6      | Reached skill level 5 in Dodging
  4634 | D:6      | Reached XP level 8. HP: 28/41 MP: 10/21
  4775 | D:6      | Noticed Pikel
  4951 | D:5      | Killed Pikel
  4952 | D:5      | Reached skill level 9 in Spellcasting
  5177 | D:6      | Found a staircase to the Ecumenical Temple.
  5368 | D:6      | Found a blossoming altar of Fedhas.
  5780 | D:7      | Reached skill level 10 in Spellcasting
  5787 | D:7      | Reached XP level 9. HP: 34/45 MP: 23/25
  5856 | D:7      | Noticed Menkaure
  5985 | D:7      | Noticed Joseph
  6162 | D:7      | Killed Joseph
  6162 | D:7      | Reached ** piety under Vehumet
  6162 | D:7      | Offered knowledge of Scorch by Vehumet.
  6167 | D:7      | Learned a level 2 spell: Scorch
  6201 | D:7      | Reached skill level 11 in Spellcasting
  6393 | D:7      | Killed Menkaure
  6394 | D:7      | Reached skill level 1 in Fire Magic
  6469 | D:7      | Reached skill level 1 in Evocations
  6498 | D:7      | Found a runed translucent door.
  6499 | D:7      | Noticed Crazy Yiuf
  6507 | D:7      | Killed Crazy Yiuf
  6638 | D:8      | Reached skill level 1 in Throwing
  6939 | D:8      | Offered knowledge of Ignite Poison by Vehumet.
  6981 | D:8      | Reached *** piety under Vehumet
  7079 | D:7      | Reached skill level 1 in Long Blades
  7235 | D:8      | Noticed a two-headed ogre
  7243 | D:8      | Reached skill level 12 in Spellcasting
  7315 | D:7      | Offered knowledge of Stone Arrow by Vehumet.
  7322 | D:7      | Learned a level 3 spell: Stone Arrow
  7428 | D:8      | Found a transporter.
  7428 | D:8      | Found a transporter.
  7746 | D:8      | Found a hide-covered altar of Uskayaw.
  7766 | D:8      | Found a transporter.
  7770 | D:8      | Found a transporter.
  7971 | D:8      | Killed a two-headed ogre
  7972 | D:8      | Reached skill level 5 in Translocations
  7972 | D:8      | Reached XP level 10. HP: 50/50 MP: 28/28
  8249 | D:9      | Found a flagged portal.
  8279 | Bailey   | Entered a bailey
  8416 | Bailey   | Identified the +2 bardiche of Puhoisos {heavy, rElec
                  | Stlth+}
  8462 | Bailey   | Reached **** piety under Vehumet
  8517 | Bailey   | Offered knowledge of Sticky Flame by Vehumet.
  8550 | Bailey   | Learned a level 4 spell: Sticky Flame
  8598 | Bailey   | Noticed an orc knight
  8598 | Bailey   | Noticed an orc knight
  8647 | Bailey   | Killed an orc knight
  8773 | Bailey   | Reached skill level 13 in Spellcasting
  8834 | Bailey   | Killed an orc knight
  8835 | Bailey   | Reached skill level 1 in Conjurations
  8930 | D:9      | Noticed a two-headed ogre
  8953 | D:9      | Killed a two-headed ogre
  8954 | D:9      | Reached skill level 1 in Fighting
  9174 | D:9      | Noticed Harold
  9197 | D:9      | Found a sparkling altar of Nemelex Xobeh.
  9286 | D:9      | Noticed a sun demon
  9286 | D:10     | Entered Level 10 of the Dungeon
  9619 | D:9      | Reached XP level 11. HP: 58/59 MP: 30/30
  9895 | D:9      | Reached skill level 14 in Spellcasting
 10014 | D:9      | Reached ***** piety under Vehumet
 10021 | D:9      | Offered knowledge of Ozocubu's Refrigeration by Vehumet.
 10031 | D:9      | Learned a level 7 spell: Ozocubu's Refrigeration
 10282 | D:9      | Killed Harold
 10283 | D:9      | Reached skill level 1 in Ice Magic
 10665 | D:10     | Reached skill level 1 in Earth Magic
 10797 | D:10     | Found a staircase to the Orcish Mines.
 10809 | Orc:1    | Entered Level 1 of the Orcish Mines
 10811 | Orc:1    | Noticed an orc knight
 10985 | D:10     | Found a sacrificial altar of Ru.
 11420 | D:10     | Killed an orc knight
 11499 | D:10     | Reached skill level 5 in Fire Magic
 11964 | D:2      | Bought the ring of the Mage {Wiz Archmagi} for 714 gold
                  | pieces
 11964 | D:2      | Found the ring of the Mage {Wiz Archmagi}
 12148 | D:11     | Noticed Lodul
 12525 | D:10     | Reached skill level 1 in Armour
 12595 | D:10     | Reached skill level 15 in Spellcasting
 12780 | D:11     | Slain by a centaur warrior simulacrum

Illustrated notes

Levels and vault maps discovered:
D:1:      sevenhm_arrival_forest_fort_small_3, layout_rooms,
          chequers_serial_rivers_room_b, minmay_misc_feat_five
D:2:      layout_loops_ring, dreamdust_ecumenical_altar_angels_and_demons,
          serial_shops, shop
D:3:      layout_basic, grunt_temple_overflow_open, minmay_misc_feat_iff
D:4:      layout_basic, nicolae_overflow_quartered_altars, serial_shops,
          nicolae_diamond_shop
D:5:      layout_loops_ring, lemuel_doored_altar, minmay_misc_feat_rows,
          dreamdust_wishing_well
D:6:      layout_loops_cross, fedhas_altar_fruit_tree,
          minmay_temple_entry_glass, uniq_pikel, uniq_blork_the_orc
D:7:      layout_basic, uniq_menkaure, uniq_joseph, uniq_crazy_yiuf_cottage
D:8:      layout_basic, nicolae_uskayaw_dance_hall, serial_demonic,
          serial_demonic_d, serial_demonic_a, serial_demonic_c,
          serial_demonic_c, nicolae_diode_quadrants
D:9:      layout_irregular_city, kennysheep_little_box, enter_bailey_4,
          minmay_between, uniq_harold
D:10:     layout_basic, nicolae_ru_awakened_eye
D:11:     layout_rooms, hellmonk_lair_entry_icy, serial_ice, serial_ice_j,
          serial_ice_m, serial_ice_o, serial_ice_c, serial_ice_g, serial_ice_f,
          guppyfry_shop_earth, uniq_psyche, uniq_lodul
Orc:1:    layout_caves

Skill      XL: |  1  2  3  4  5  6  7  8  9 10 11 |
---------------+----------------------------------+-----
Necromancy     | 5 6 7 8 9 |  9.6
Dodging        | 3 4 5 6 7 8 |  8.2
Stealth        | 3 4 |  4.7
Short Blades   | 2 3 4 |  4.0
Spellcasting   | 4 6 7 10 12 13 15 | 15.0
Translocations | 2 3 5 |  5.4
Fire Magic     | 2 4 5 |  5.0
Evocations     | 1 |  1.1
Throwing       | 1 2 |  2.3
Long Blades    | 1 2 |  2.8
Conjurations   | 2 4 |  4.0
Fighting       | 2 4 |  4.3
Ice Magic      | 2 |  2.1
Earth Magic    | 2 |  2.1
Armour         | 1 |  1.6
Shields        | |  0.1

Action                     |  1- 3 |  4- 6 |  7- 9 | 10-12 || total
---------------------------+-------+-------+-------+-------++-------
  Melee: Short sword       |    40 |       |       |       ||    40
         Unarmed           |     9 |       |       |       ||     9
         Rapier            |    15 |       |    11 |     6 ||    32
         Dagger            |    25 |   196 |   224 |       ||   445
         Punch             |     2 |     3 |     2 |     1 ||     8
         Scimitar          |       |       |    73 |   158 ||   231
  Throw: Dart              |       |     4 |    16 |    42 ||    62
   Cast: Vampiric Draining |     1 |    19 |   106 |   108 ||   234
         Teleport Other    |       |       |     2 |       ||     2
         Scorch            |       |       |    31 |    25 ||    56
         Sticky Flame      |       |       |       |    20 ||    20
  Evoke: Wand              |       |       |    12 |     2 ||    14
    Use: Scroll            |       |       |    11 |     5 ||    16
         Potion            |       |       |     2 |     1 ||     3
   Stab: Sleeping          |     4 |     6 |     8 |     4 ||    22
         Distracted        |       |       |     1 |       ||     1
 Armour: Robe              |    24 |    23 |    69 |    58 ||   174
  Dodge: Dodged            |    57 |    87 |   283 |   315 ||   742
